 Dungeon Crawl Stone Soup version 0.18.1-48-g4cf74bf (webtiles) character file.

3042 Miyamura the Skirmisher (level 9, 0/117 HPs)
             Began as a Centaur Fighter on Sept 13, 2016.
             Was a Believer of Trog.
             Slain by a killer bee (7 damage)
             ... on level 8 of the Dungeon.
             The game lasted 00:21:29 (9458 turns).

Miyamura the Skirmisher (Centaur Fighter)           Turns: 9458, Time: 00:21:30

Health: 0/117      AC: 10    Str: 27    XL:     9   Next: 56%
Magic:  11/11      EV:  9    Int:  3    God:    Trog [**....]
Gold:   418        SH:  0    Dex:  8    Spells: 0 memorised, 8 levels left

rFire  + + .     SeeInvis .     h - +0 battleaxe
rCold  + . .     Gourm    .     b - +1 scale mail
rNeg   . . .     Faith    .     (shield currently unavailable)
rPois  .         Spirit   .     l - +0 helmet
rElec  .         Dismiss  +     (no cloak)
rCorr  .         Reflect  .     m - +0 pair of gloves
SustAt +         Harm     .     (no barding)
MR     .....                    z - amulet of dismissal
Stlth  ..........               w - ring of Lavvoteru {SustAt rF++ Int-5}
                                D - ring of protection from cold

@: berserking, lethally poisoned (0 -> -17), very quick, not resistant to
hostile enchantments, extremely unstealthy
A: hooves 3, deformed body, speed 2, tough skin 3
a: Berserk, Trog's Hand, Burn Spellbooks, Renounce Religion


You were on level 8 of the Dungeon.
You worshipped Trog.
Trog was pleased with you.
You were very hungry.

You visited 1 branch of the dungeon, and saw 8 of its levels.

You collected 418 gold pieces.

Inventory:

Hand Weapons
 e - a +0 arbalest
 h - a +0 battleaxe (weapon)
Missiles
 n - 64 bolts
Armour
 b - a +1 scale mail (worn)
 l - a +0 helmet (worn)
 m - a +0 pair of gloves (worn)
Jewellery
 a - an uncursed ring of sustain attributes {unknown}
 c - an uncursed ring of sustain attributes {unknown}
 w - the ring of Lavvoteru (right hand) {SustAt rF++ Int-5}
   (You found it on level 6 of the Dungeon)

   [ring of sustain attributes]

   It sustains your strength, intelligence and dexterity.
   It affects your intelligence (-5).
   It greatly protects you from fire.
 z - an amulet of dismissal (around neck)
 D - a ring of protection from cold (left hand)
Wands
 o - a wand of paralysis (23/24)
 t - a wand of polymorph (7/24)
 B - a wand of lightning (11/15)
Scrolls
 d - 2 scrolls of blinking
 g - 2 scrolls of immolation
 p - 2 scrolls of magic mapping
 r - a scroll of recharging
 s - 2 scrolls of enchant weapon
 v - 4 scrolls of remove curse
 y - 2 scrolls of identify
Potions
 j - a potion of heal wounds
 u - 2 potions of haste
 x - a potion of resistance
Comestibles
 f - 6 bread rations
 i - 4 fruits


   Skills:
 + Level 6.5 Fighting
 + Level 5.5 Axes
 + Level 4.9 Crossbows
 + Level 4.5 Armour
 + Level 3.5 Dodging
   Level 4.1 Shields
 + Level 3.5 Evocations


You had 8 spell levels left.
You didn't know any spells.

Dungeon Overview and Level Annotations

Branches:
Dungeon (8/15)             Temple (0/1) D:5
   Lair: D:8-11

Altars:
Ashenzari
Cheibriados
Ru
Sif Muna
Trog

Shops:
D:4 }

Annotations:
D:1 1 runed door


Innate Abilities, Weirdness & Mutations

You have hooves in place of feet.
Armour fits poorly on your strangely shaped body.
You cover ground very quickly.
You have extremely tough skin (AC +3).


Message History

The killer bee is severely wounded.
You feel sick. The killer bee barely misses you.
The killer bee stings you but does no damage.
You barely miss the killer bee.
The killer bee is severely wounded.
You feel sick.
You hear a howl!
The killer bee stings you but does no damage.
Unknown command.
You barely miss the killer bee. Your kick misses the killer bee.
The killer bee is severely wounded.
You feel sick. The killer bee closely misses you. The killer bee stings you.
* * * LOW HITPOINT WARNING * * *
You miss the killer bee. You kick the killer bee.
The killer bee is severely wounded.
You feel sick. The killer bee stings you.
* * * LOW HITPOINT WARNING * * *
You are more poisoned.
The killer bee poisons you! The killer bee stings you!
You die...

.....##.....#.# ##.## #.#
......#)....#.# ### #.#
..........###.##############.#
.....(#.......[..<..<.....##..
##.#.##.#####.###########.....
#.#.##.# #.# ######
#.#.##.#####.#
####.#.##h#...#.#
...>........#.#@#
##.........Wy.#
#####...##.##.####
........##.##.# #####..###.##
# #.......# #######
.#####.###..# #...... .......#
#..# #.##### .####.## #..# #.#


You could see a hungry ghost and a killer bee.

Vanquished Creatures
  Psyche (D:8)
  Sigmund (D:3)
  The ghost of Xelenos the Skirmisher, an amateur MiFi (D:4)
  A hippogriff (D:8)
  A necrophage (D:6)
  An ogre (D:7)
  3 giant frogs
  3 scorpions
  14 killer bees
  3 wights (D:8)
  5 howler monkeys
  3 crimson imps
  A jelly (D:6)
  3 hounds
  6 orc wizards
  4 orc priests
  Ijyb (D:3)
  2 iguanas (D:7)
  5 worker ants
  7 adders
  4 worms
  An adder zombie (D:5)
  5 dart slugs
  5 giant geckos
  28 orcs
  5 bats
  4 giant cockroaches
  5 goblins
  6 hobgoblins
  3 quokkas (D:3)
  2 ball pythons (D:3)
  2 giant newts
  9 kobolds
  8 rats
153 creatures vanquished.

Notes
Turn   | Place    | Note
--------------------------------------------------------------
     0 | D:1      | Miyamura the Centaur Fighter began the quest for the Orb.
     0 | D:1      | Reached XP level 1. HP: 19/19 MP: 1/1
     1 | D:1      | Found a runed door.
     6 | D:1      | Noticed a jelly
   338 | D:1      | Reached XP level 2. HP: 23/26 MP: 2/2
   905 | D:2      | Reached XP level 3. HP: 31/31 MP: 3/3
  1156 | D:2      | Found a sacrificial altar of Ru.
  1690 | D:3      | Reached XP level 4. HP: 23/38 MP: 4/4
  2209 | D:3      | Found a faded altar to an unknown god.
  2381 | D:3      | Reached skill level 1 in Dodging
  2565 | D:3      | Noticed Ijyb
  2565 | D:3      | Noticed Sigmund
  3173 | D:3      | Reached XP level 5. HP: 43/45 MP: 5/5
  3247 | D:3      | Killed Ijyb
  3274 | D:3      | Killed Sigmund
  3274 | D:3      | Reached skill level 4 in Fighting
  3274 | D:3      | Reached XP level 6. HP: 51/52 MP: 6/6
  3389 | D:3      | Found a snail-covered altar of Cheibriados.
  3389 | D:3      | Found a bloodstained altar of Trog.
  3398 | D:3      | Became a worshipper of Trog the Wrathful
  3506 | D:4      | Noticed Xelenos's ghost (amateur MiFi)
  3877 | D:4      | Found Ilyec's Gadget Boutique.
  4299 | D:4      | Found a shattered altar of Ashenzari.
  4466 | D:4      | Killed Xelenos's ghost
  4466 | D:4      | Reached XP level 7. HP: 46/60 MP: 7/7
  4774 | D:5      | Entered Level 5 of the Dungeon
  4807 | D:5      | Found a deep blue altar of Sif Muna.
  4864 | D:5      | Found a staircase to the Ecumenical Temple.
  4950 | D:5      | Reached skill level 1 in Crossbows
  5411 | D:6      | Got a coiled tin ring
  5460 | D:6      | Identified the ring of Lavvoteru {SustAt rF++ Int-5} (You found it on level 6 of the Dungeon)
  5505 | D:6      | Reached skill level 5 in Fighting
  5655 | D:6      | Reached skill level 1 in Evocations
  5655 | D:6      | Reached XP level 8. HP: 67/68 MP: 8/8
  5662 | D:6      | Reached * piety under Trog
  5746 | D:6      | Found a sacrificial altar of Ru.
  7897 | D:8      | Reached ** piety under Trog
  7901 | D:8      | Reached skill level 6 in Fighting
  7901 | D:8      | Reached XP level 9. HP: 75/75 MP: 10/10
  7962 | D:7      | Reached skill level 5 in Axes
  8824 | D:8      | Noticed Psyche
  8883 | D:8      | Killed Psyche
  9056 | D:8      | Noticed a hill giant
  9458 | D:8      | Slain by a killer bee

Skill      XL: |  1  2  3  4  5  6  7  8  9 |
---------------+----------------------------+-----
Axes           | 2 3 4 5 |  5.5
Dodging        | 1 2 3 |  3.5
Fighting       | 4 5 6 |  6.5
Shields        | 3 4 |  4.1
Armour         | 3 4 |  4.5
Crossbows      | 2 3 4 |  4.9
Evocations     | 1 2 3 |  3.5

Action                   |  1- 3 |  4- 6 |  7- 9 || total
-------------------------+-------+-------+-------++-------
Melee: War axe           |   105 |   161 |   124 ||   390
       Kick              |    16 |    29 |    29 ||    74
       Battleaxe         |       |       |    92 ||    92
 Fire: Arbalest          |       |       |   109 ||   109
Invok: Berserk           |       |       |    11 ||    11
       Trog's Hand       |       |       |     2 ||     2
  Use: Scroll            |     4 |     5 |     6 ||    15
       Potion            |       |     6 |     6 ||    12
 Stab: Invisible         |       |     1 |     1 ||     2
  Eat: Chunk             |     2 |     8 |     6 ||    16
       Meat ration       |       |       |     5 ||     5
       Fruit             |       |       |     2 ||     2
       Bread ration      |       |       |     2 ||     2
       Pizza             |       |       |     1 ||     1
Armor: Scale mail        |    55 |   119 |   164 ||   338
       Skin              |       |       |    54 ||    54
Dodge: Dodged            |    23 |    52 |   169 ||   244
Block: Shield            |    45 |   100 |     1 ||   146
